 Dungeon Crawl Stone Soup version 0.22.0-21-g8bd1b0a76a (webtiles) character file.

8032 CrazyKiwi the Geomancer (level 11, -1/129 HPs)
             Began as a Deep Dwarf Earth Elementalist on Aug 19, 2018.
             Was a Priest of Elyvilon.
             Slain by an ice devil (7 damage)
             ... in an ice cave.
             The game lasted 01:13:49 (12372 turns).

CrazyKiwi the Geomancer (DDEE)                     Turns: 12372, Time: 01:13:49

Health: -1/129     AC: 25    Str: 17    XL:     11   Next: 4%
Magic:  5/24       EV:  2    Int: 19    God:    Elyvilon [***...]
Gold:   520        SH:  0    Dex: 13    Spells: 19/29 levels left

rFire    . . .     SeeInvis .   a - +0 falchion (elec)
rCold    . . .     Gourm    .   (no shield)
rNeg     + + +     Faith    .   (armour currently unavailable)
rPois    +         Spirit   .   (helmet currently unavailable)
rElec    .         Reflect  .   (cloak currently unavailable)
rCorr    .         Harm     .   (gloves currently unavailable)
MR       +....     NoTele   +   (boots currently unavailable)
Stlth    ++++......             (no amulet)
HPRegen  0.00/turn              f - ring of stealth
MPRegen  0.19/turn              K - ring of positive energy

@: mighty, tree-form, non-regenerating
A: damage resistance, heal wounds, sense surroundings 2, no regeneration
a: Heal Wounds, Lesser Healing, Heal Other, Purification, Divine Protection,
Renounce Religion


You were in an ice cave.
You worshipped Elyvilon.
Elyvilon was most pleased with you.
You were not hungry.
You were a tree.
You visited 3 branches of the dungeon, and saw 12 of its levels.
You also visited: Ice Cave.

You collected 520 gold pieces.

Inventory:

Hand Weapons
 a - a +0 falchion of electrocution (weapon)
 b - a +0 hunting sling
 G - a +0 blowgun
 N - a +0 rapier of venom
 P - a cursed -3 hunting sling
 U - a +2 whip of freezing
Missiles
 e - 60 bolts
 l - 80 sling bullets
 m - 97 poisoned needles
 q - 122 arrows
Armour
 c - a +0 robe
 n - a +0 leather armour
 o - a +0 leather armour
 s - a +1 helmet (melded)
 y - a +0 ring mail (melded)
 H - a +1 pair of gloves (melded)
 X - a +0 cloak (melded)
Magical Staves
 Z - an uncursed staff of earth {unknown}
Jewellery
 f - a ring of stealth (left branch)
 w - an uncursed ring of protection from fire
 K - a ring of positive energy (right branch)
 O - an uncursed ring of stealth
Wands
 k - a wand of enslavement (11)
 V - a wand of digging (8)
Scrolls
 h - 12 scrolls of identify {unknown}
 j - 4 scrolls of amnesia {unknown}
 p - 4 scrolls of teleportation {unknown}
 v - a scroll of immolation {unknown}
 A - 7 scrolls of remove curse {unknown}
 I - 4 scrolls of fear {unknown}
 R - a scroll of fog {unknown}
 S - a scroll of vulnerability {unknown}
Potions
 x - a potion of flight
 z - a potion of ambrosia
 J - 3 potions of curing
 M - a potion of lignification
 Q - 3 potions of brilliance
 T - a potion of cancellation
 W - a potion of resistance
Comestibles
 d - 11 rations


   Skills:
 + Level 2.2 Fighting
 - Level 0.2(1.1) Short Blades
 - Level 2.1 Long Blades
 * Level 4.2 Armour
 + Level 3.4 Dodging
 + Level 4.2 Stealth
 * Level 9.8 Spellcasting
 + Level 2.1 Transmutations
 + Level 13.3 Earth Magic
 * Level 3.4 Invocations


You had 19 spell levels left.
You knew the following spells:

 Your Spells              Type           Power        Failure   Level  Hunger
a - Sandblast             Erth           ######       1%          1    None
b - Lee's Rapid Deconstr  Erth           ######....   1%          5    #####..
c - Petrify               Tmut/Erth      #####...     3%          4    ###....

Your spell library contained the following spells:

 Spells                   Type           Power        Failure   Level  Hunger
 Passwall                 Tmut/Erth      #####...     1%          2    None
 Stone Arrow              Conj/Erth      ####..       1%          3    None
 Sting                    Conj/Pois      #...         8%          1    None
 Poisonous Vapours        Pois/Air       #.....       12%         2    None
 Mephitic Cloud           Conj/Pois/Air  #.......     22%         3    None
 Olgreb's Toxic Radiance  Pois           #.......     58%         4    ###....
 Venom Bolt               Conj/Pois      #.........   91%         5    #####..


Dungeon Overview and Level Annotations

Branches:
Dungeon (9/15)             Temple (1/1) D:4            Lair (2/6) D:9
    Orc (0/2) D:9
  Swamp: Lair:2-4    Shoals: Lair:2-4     Snake: Lair:2-4    Spider: Lair:2-4

Altars:
Ashenzari
Cheibriados
Dithmenos
Elyvilon
Fedhas
Gozag
Hepliaklqana
Kikubaaqudgha
Makhleb
Nemelex Xobeh
Okawaru
Qazlal
Ru
Sif Muna
Trog
Uskayaw
Vehumet
Wu Jian
Xom
Yredelemnul
Zin
The Shining One

Shops:
D:6 (   D:7 (   D:9 [

Annotations:
Lair:2 Fannar IceCv exclusion: ice statue


Innate Abilities, Weirdness & Mutations

You are resistant to damage.
You can heal yourself by infusing magical energy.
You passively map the area around you.
You do not regenerate.


Message History

Okay, then.
Casting: Sandblast (safe; 1% risk of failure)
Confirm with . or Enter, or press ? or * to list all spells.
Aiming: Lee's Rapid Deconstruction (safe; 1% risk of failure)
Press: ? - help, Dir - move target cursor An ice covered rock wall.
The wall shatters!
The blast of rock fragments hits the ice devil.
The ice devil is almost dead.
The ice devil hits you!
* * * LOW HITPOINT WARNING * * *
The ice devil freezes you!!
* * * LOW HITPOINT WARNING * * *
You closely miss the ice devil.
The ice devil is almost dead.
The ice devil hits you but does no damage.
You completely miss the ice devil.
The ice devil is almost dead.
The ice devil hits you. The ice devil freezes you!
You die...

* ≈≈≈ ≈ * ≈#.(( #..(
* ####≈ *8...
##..###### ##...
##....##..## ###....
#..........###..5...
#.∩.∩.......#....(..
#.......##....##....
##.♣4.#####..####...
##..## #### #....
#### ####. *#


You could see an ice devil.

Vanquished Creatures
  A hydra (Lair:1)
  An ice statue (IceCv)
  An ice devil (IceCv)
  Grinder (D:9)
  2 hippogriffs
  Sigmund (D:4)
  2 wyverns
  Eustachio (D:5)
  A wraith (D:7)
  A basilisk (Lair:1)
  3 water moccasins
  3 porcupines
  6 sky beasts
  An ice beast (D:7)
  2 phantoms
  2 black bears
  3 orc warriors
  2 ogres
  3 centaurs
  2 crocodiles (Lair:1)
  2 big kobolds
  7 bullfrogs
  A gnoll sergeant (D:7)
  A scorpion (D:7)
  A troll zombie (D:7)
  7 wights (D:7)
  A centaur zombie (D:6)
  2 howler monkeys (D:6)
  4 crimson imps
  4 human zombies (D:7)
  A bullfrog zombie (D:7)
  5 orc priests
  5 hounds
  9 orc wizards
  2 bullfrog skeletons
  2 iguanas
  2 human skeletons (D:7)
  8 worker ants
  A hound zombie (D:8)
  A hound skeleton (D:7)
  2 worker ant zombies
  8 gnolls
  16 adders
  5 shadow imps
  4 white imps (IceCv)
  8 ufetubi (IceCv)
  2 oozes
  An adder skeleton (D:7)
  4 worms
  3 dart slugs (D:1)
  8 leopard geckos
  16 orcs
  3 ball pythons
  11 bats
  4 giant cockroaches
  31 hobgoblins
  18 jackals
  3 quokkas
  4 frilled lizards
  36 goblins
  16 kobolds
  An orc zombie (D:7)
  A quokka zombie (D:5)
  9 rats
319 creatures vanquished.

Vanquished Creatures (others)
  A reaper (IceCv)
  3 white imps (IceCv)
4 creatures vanquished.

Grand Total: 323 creatures vanquished

Notes
Turn   | Place    | Note
-------+----------+-------------------------------------------
     0 | D:1      | CrazyKiwi the Deep Dwarf Earth Elementalist began the quest for the Orb.
     0 | D:1      | Reached XP level 1. HP: 15/15 MP: 3/3
   159 | D:1      | Reached XP level 2. HP: 22/22 MP: 4/4
   605 | D:1      | Reached skill level 5 in Earth Magic
   664 | D:1      | Reached XP level 3. HP: 25/28 MP: 2/5
  1076 | D:2      | Reached XP level 4. HP: 26/36 MP: 4/7
  1393 | D:2      | Found a glowing golden altar of the Shining One.
  1517 | D:2      | Reached skill level 6 in Earth Magic
  1517 | D:2      | Reached XP level 5. HP: 19/43 MP: 2/8
  1732 | D:2      | Learned a level 5 spell: Lee's Rapid Deconstruction
  2245 | D:3      | Found a sacrificial altar of Ru.
  2440 | D:3      | Reached skill level 1 in Fighting
  2758 | D:3      | Found a hide-covered altar of Uskayaw.
  2828 | D:4      | Noticed an ogre
  2873 | D:4      | Reached XP level 6. HP: 50/51 MP: 8/10
  3026 | D:4      | Reached skill level 7 in Earth Magic
  3160 | D:4      | Found a staircase to the Ecumenical Temple.
  3168 | Temple   | Entered the Ecumenical Temple
  3335 | D:2      | Became a worshipper of the Shining One
  3691 | D:4      | Noticed Sigmund
  3715 | D:5      | Entered Level 5 of the Dungeon
  3821 | D:5      | Found a shattered altar of Ashenzari.
  3855 | D:5      | Found a deep blue altar of Sif Muna.
  3866 | D:5      | Reached skill level 8 in Earth Magic
  3866 | D:5      | Reached XP level 7. HP: 33/57 MP: 8/12
  4094 | D:5      | Reached * piety under the Shining One
  4253 | D:5      | Reached skill level 9 in Earth Magic
  4661 | D:4      | Killed Sigmund
  4661 | D:4      | Reached skill level 10 in Earth Magic
  4661 | D:4      | Reached XP level 8. HP: 50/64 MP: 3/14
  4887 | D:5      | Found a burning altar of Makhleb.
  4989 | D:5      | Noticed Eustachio
  5003 | D:5      | Killed Eustachio
  5192 | D:5      | Learned a level 4 spell: Petrify
  5342 | D:5      | Reached skill level 5 in Spellcasting
  5466 | D:5      | Found a shadowy altar of Dithmenos.
  6208 | D:6      | Reached skill level 11 in Earth Magic
  6241 | D:6      | Found Guyjak's Antique Weapon Shop.
  6573 | D:6      | Reached ** piety under the Shining One
  6583 | D:6      | Gained mutation: You passively map the area around you. [Deep Dwarf growth]
  6583 | D:6      | Reached XP level 9. HP: 47/73 MP: 2/18
  6917 | D:7      | Found a snail-covered altar of Cheibriados.
  6956 | D:7      | Reached skill level 1 in Transmutations
  7146 | D:7      | Found Ryemave's Antique Weapon Shoppe.
  7174 | D:7      | Reached skill level 1 in Long Blades
  7348 | D:7      | Reached skill level 12 in Earth Magic
  7373 | D:7      | Reached skill level 1 in Armour
  7764 | D:8      | Found a white marble altar of Elyvilon.
  7914 | D:8      | Reached *** piety under the Shining One
  8196 | D:7      | Found a blossoming altar of Fedhas.
  8526 | D:7      | Found an ancient bone altar of Kikubaaqudgha.
  8544 | D:7      | Reached XP level 10. HP: 56/80 MP: 19/21
  8585 | D:8      | Fell from the grace of the Shining One
  8585 | D:8      | Became a worshipper of Elyvilon the Healer
  8585 | D:8      | Reached * piety under Elyvilon
  8787 | D:8      | Reached skill level 1 in Invocations
  8821 | D:8      | Found a hazy altar of Hepliaklqana.
  9091 | D:9      | Reached ** piety under Elyvilon
  9760 | D:9      | Noticed Grinder
  9772 | D:9      | Killed Grinder
  9871 | D:9      | Found a staircase to the Orcish Mines.
  9895 | D:9      | Found a staircase to the Lair.
 10000 | D:9      | Found a sparkling altar of Nemelex Xobeh.
 10380 | D:9      | Reached *** piety under Elyvilon
 10495 | D:9      | Found Jusea's Armour Shoppe.
 10676 | Lair:1   | Entered Level 1 of the Lair of Beasts
 10927 | Lair:1   | Noticed a six-headed hydra
 10940 | Lair:1   | Killed a six-headed hydra
 10940 | Lair:1   | Reached skill level 13 in Earth Magic
 11186 | Lair:1   | Found a snail-covered altar of Cheibriados.
 11687 | Lair:1   | Reached **** piety under Elyvilon
 11804 | Lair:2   | Found a frozen archway.
 11804 | Lair:2   | Noticed Fannar
 12006 | IceCv    | Entered an ice cave
 12092 | IceCv    | Noticed an ice statue
 12092 | IceCv    | Noticed an ice statue
 12168 | IceCv    | Killed an ice statue
 12168 | IceCv    | Reached XP level 11. HP: 49/86 MP: 11/24
 12243 | IceCv    | Killed a reaper
 12364 | IceCv    | HP: 1/129 [ice devil (16)]
 12370 | IceCv    | HP: 6/129 [ice devil (18)]
 12372 | IceCv    | Slain by an ice devil

Skill      XL: |  1  2  3  4  5  6  7  8  9 10 |
---------------+-------------------------------+-----
Earth Magic    | 5 6 8 10 11 12 13 | 13.3
Spellcasting   | 2 3 4 6 7 9 |  9.8
Stealth        | 3 4 |  4.2
Dodging        | 3 |  3.4
Fighting       | 1 2 |  2.2
Transmutations | 2 |  2.1
Long Blades    | 2 |  2.1
Armour         | 2 4 |  4.2
Invocations    | 3 |  3.4
Short Blades   | |  0.2

Action                   |  1- 3 |  4- 6 |  7- 9 | 10-12 || total
-------------------------+-------+-------+-------+-------++-------
Melee: Unarmed           |    16 |       |       |       ||    16
       Club              |    34 |       |       |       ||    34
       Dagger            |    53 |   112 |       |       ||   165
       Whip              |       |    16 |    20 |       ||    36
       Falchion          |       |       |    28 |    30 ||    58
 Fire: Hunting sling     |       |       |   111 |    46 ||   157
 Cast: Sandblast         |    24 |    81 |   179 |    99 ||   383
       Lee's Rapid Decon |       |       |    18 |    33 ||    51
       Petrify           |       |       |     3 |     3 ||     6
Invok: Greater Healing   |       |       |       |     2 ||     2
 Abil: Heal Wounds       |       |       |     1 |       ||     1
  Use: Potion            |       |     3 |       |    13 ||    16
 Stab: Sleeping          |     6 |     8 |       |       ||    14
  Eat: Chunk             |     1 |    10 |    17 |    16 ||    44
       Ration            |       |       |     1 |     1 ||     2
Armor: Robe              |    27 |    29 |     8 |       ||    64
       Leather armour    |       |       |    12 |     2 ||    14
       Ring mail         |       |       |       |    10 ||    10
       Skin              |       |       |       |    25 ||    25
Dodge: Dodged            |   104 |   108 |    72 |    35 ||   319
       Rpst.: Falchion   |       |       |     5 |     6 ||    11
